 Dungeon Crawl Stone Soup version 0.28.0-43-g3370ac3207 (webtiles) character file.

Game seed: 17005518693444892805

12 NinjaNoafa the Sneak (level 2, 0/18 HPs)
             Began as a Kobold Brigand on Apr 1, 2022.
             Was an Initiate of Ashenzari.
             Slain by an adder (4 damage)
             ... on level 2 of the Dungeon.
             The game lasted 00:02:26 (1563 turns).

NinjaNoafa the Sneak (Kobold Brigand)               Turns: 1563, Time: 00:02:27

Health: 0/18       AC:  3    Str:  8    XL:     2   Next: 45%
Magic:  2/2        EV: 14    Int: 12    God:    Ashenzari [......]
Gold:   25         SH:  0    Dex: 16    Spells: 1/1 levels left

rFire   . . .      SeeInvis .   a - +2 dagger
rCold   . . .      Faith    .   (no shield)
rNeg    . . .      Spirit   .   b - +0 robe
rPois   .          Reflect  .   (no helmet)
rElec   .          Harm     .   c - +0 cloak
rCorr   .          Rampage  .   (no gloves)
Will    .....                   (no boots)
Stlth   ++++......              (no amulet)
HPRegen 0.06/turn               (no ring)
MPRegen 0.08/turn               (no ring)

@: lethally poisoned (0 -> -2)
A: small, no large weapons, nightstalker 3
a: Renounce Religion, Curse Item


You were on level 2 of the Dungeon.
You worshipped Ashenzari.
Ashenzari was noncommittal.
You visited 1 branch of the dungeon, and saw 2 of its levels.

You collected 25 gold pieces.

Inventory:

Hand Weapons
 a - a +2 dagger (weapon)
Missiles
 d - 5 poisoned darts (quivered)
 e - 2 curare-tipped darts
Armour
 b - a +0 robe (worn)
 c - a +0 cloak (worn)
Scrolls
 h - a scroll of immolation {unknown}
Potions
 f - a potion of flight {unknown}
 g - a potion of ambrosia {unknown}
 i - a potion of curing {unknown}


   Skills:
 + Level 2.3 Fighting
 + Level 3.0 Short Blades
 + Level 2.3 Throwing
 + Level 1.5 Dodging
 * Level 5.6 Stealth


You had one spell level left.
You didn't know any spells.
Your spell library was empty.

Dungeon Overview and Level Annotations

Branches:
Dungeon (2/15)

Altars:
Ashenzari


Innate Abilities, Weirdness & Mutations

You are small and have problems with some larger weapons.
You are completely attuned to the shadows.


Message History

Press: ? - help, Q - select action, (/) - cycle Shift-Dir - straight line, f/p - adder
Aim: an adder (44% to hit)
You throw a poisoned dart.
The poisoned dart closely misses the adder.
The adder bites you.
You are poisoned.
The adder poisons you!
Throw: 6 darts (poison)
Press: ? - help, Q - select action, (/) - cycle Shift-Dir - straight line, f/p - adder
Aim: an adder (44% to hit)
You throw a poisoned dart. The poisoned dart hits the adder.
The adder is poisoned.
You feel sick. The adder misses you.
You feel sick. The adder bites you but does no damage.
You feel sick.
You feel sick.
You feel sick.
You are no longer poisoned.
The adder misses you. The adder bites you but does no damage.
You hit the adder but do no damage.
The adder is severely wounded.
The adder looks more healthy.
The adder barely misses you.
You barely miss the adder.
The adder is severely wounded.
The adder bites you.
You barely miss the adder.
The adder is severely wounded.
The adder barely misses you.
You miss the adder.
The adder is severely wounded.
The adder bites you but does no damage.
You hit the adder but do no damage.
The adder is severely wounded.
The adder bites you.
You are poisoned.
The adder poisons you!
You feel sick.
You feel sick. The adder bites you.
You die...

########
#...(.(##
#.####.... #.#
#.###
######.####.#
#.........S@#
#.###..####.#
######.# #..#
#.# ..<.##.#
#..# #..
###.##.# #..#
#### #.##.#
#..#
###.##.###..###
...............
########.#.....


You could see an adder.

Vanquished Creatures
  A dart slug (D:1)
  A goblin (D:1)
  2 kobolds (D:1)
  3 ball pythons (D:1)
  A bat (D:1)
  A frilled lizard (D:1)
  A rat (D:1)
10 creatures vanquished.

Vanquished Creatures (others)
  A fungus (D:1)
1 creature vanquished.

Grand Total: 11 creatures vanquished

Notes
Turn   | Place    | Note
-------+----------+-------------------------------------------
     0 | D:1      | NinjaNoafa the Kobold Brigand began the quest for the Orb.
     0 | D:1      | Reached XP level 1. HP: 12/12 MP: 1/1
   737 | D:1      | Reached XP level 2. HP: 14/17 MP: 2/2
   996 | D:1      | Found a faded altar of an unknown god.
  1000 | D:1      | Prayed at the altar of an unknown god.
  1000 | D:1      | Became a worshipper of Ashenzari the Shackled
  1563 | D:2      | Slain by an adder

Illustrated notes

Levels and vault maps discovered:
D:1:      amcnicky_arrival_abandoned_market, layout_basic,
          shapermc_ecumenical_altar_ellora, chequers_serial_rivers_micro_e
D:2:      cheibrodos_fertilizer, layout_loops_ring, uniq_jessica

Skill      XL: |  1  2 |
---------------+-------+-----
Short Blades   | 3 |  3.0
Fighting       | |  2.3
Throwing       | |  2.3
Dodging        | |  1.5
Stealth        | |  5.6

Action                   || total
-------------------------++-------
Melee: Dagger            ||    39
       Punch             ||     1
Throw: Dart              ||     3
 Stab: Sleeping          ||     5
Armor: Robe              ||     9
Dodge: Dodged            ||    20
